 Dungeon Crawl Stone Soup version 0.26.1-11-gd32895ea62 (webtiles) character file.

Game seed: 9626310484470145777

945 KamiKatze the Chopper (level 8, -5/90 HPs)
             Began as a Merfolk Berserker on Apr 25, 2021.
             Was a Priest of Trog.
             Slain by a wyvern (8 damage)
             ... on level 6 of the Dungeon.
             The game lasted 00:28:29 (6541 turns).

KamiKatze the Chopper (Merfolk Berserker)           Turns: 6541, Time: 00:28:30

Health: -5/90      AC:  9    Str: 19    XL:     8   Next: 13%
Magic:  8/8        EV: 12    Int:  6    God:    Trog [***...]
Gold:   408        SH:  0    Dex: 20    Spells: 7/7 levels left

rFire    . . .     SeeInvis .   a - +0 hand axe
rCold    . . .     Faith    .   (no shield)
rNeg     . . .     Spirit   .   v - +0 scale mail
rPois    .         Reflect  .   (no helmet)
rElec    .         Harm     .   u - +2 cloak
rCorr    .         Rampage  .   (no gloves)
Will     ++...                  (no boots)
Stlth    ..........             (no amulet)
HPRegen  1.25/turn              y - +6 ring of dexterity
MPRegen  0.11/turn              B - ring of flight

@: berserking, regenerating, very quick
A: change form in water, swift swim, stealthy swim
a: Renounce Religion, Evoke Flight, Berserk, Trog's Hand


You were on level 6 of the Dungeon.
You worshipped Trog.
Trog was most pleased with you.
You visited 2 branches of the dungeon, and saw 7 of its levels.
You also visited: Ossuary.

You collected 408 gold pieces.

Inventory:

Hand Weapons
 a - a +0 hand axe (weapon)
 x - a +0 flail
 C - a +0 war axe
Missiles
 d - 205 stones
 k - 13 poisoned darts (quivered)
Armour
 q - a +2 chain mail of cold resistance
 u - a +2 cloak (worn)
 v - a +0 scale mail (worn)
Jewellery
 y - a +6 ring of dexterity (left hand)
 B - a ring of flight (right hand)
Wands
 p - a wand of polymorph (10)
 w - a wand of paralysis (11)
 A - a wand of iceblast (6)
Scrolls
 c - 2 scrolls of fear
 h - 2 scrolls of remove curse
 i - 3 scrolls of magic mapping {unknown}
 j - 2 scrolls of enchant armour
 r - a scroll of immolation
Potions
 b - 3 potions of attraction
 e - 5 potions of flight
 f - 2 potions of brilliance {unknown}
 g - 2 potions of curing
 l - a potion of invisibility {unknown}
 m - 5 potions of heal wounds
 n - a potion of might {unknown}
 o - 4 potions of haste
 s - a potion of lignification {unknown}
 t - a potion of degeneration {unknown}
 z - a potion of mutation {unknown}


   Skills:
 - Level 4.0 Fighting
 * Level 7.3 Axes
 - Level 2.0 Armour
 - Level 4.0 Dodging
 + Level 1.1 Evocations


You had 7 spell levels left.
You didn't know any spells.
Your spell library was empty.

Dungeon Overview and Level Annotations

Branches:
Dungeon (6/15)             Temple (1/1) D:4         Ossuary (visited)

Altars:
Cheibriados
Dithmenos
Fedhas
Gozag
Hepliaklqana
Makhleb
Nemelex Xobeh
Qazlal
Ru
Sif Muna
Trog
Uskayaw
Vehumet
Wu Jian
Xom
Yredelemnul
The Shining One

Shops:
D:4 !   D:5 *

Annotations:
D:4 2 transporters, Almogavar's ghost, novice GnWn
D:6 Edmund


Message History

* * * LOW HITPOINT WARNING * * *
The wyvern bites you!
* * * LOW HITPOINT WARNING * * *
You hit the wyvern.
The wyvern is moderately wounded.
You barely miss the wyvern.
The wyvern is moderately wounded.
The wyvern bites you!
* * * LOW HITPOINT WARNING * * *
You barely miss the wyvern.
The wyvern is moderately wounded.
The wyvern bites you but does no damage.
You completely miss the wyvern.
The wyvern is moderately wounded.
The wyvern bites you!
* * * LOW HITPOINT WARNING * * *
You slash the wyvern!
The wyvern is heavily wounded.
The wyvern bites you!
You die...

#.. ### #.. ..# #.#
#.# #.# #.# #.###
#.# ## ##..# #.#
#@###.#.# #.#
#l#.##.# ##.##
#@###.###.#.## #.#
#.##.###.##
##.###.#(## ##.#
...........###.#####
.#####......#†......
#.##.##.#.##### #.
#.####.# # .. #.#
#.# # #.. #.# #.# #


You could see Edmund and a wyvern.

Vanquished Creatures
  An orc warrior (D:5)
  An ogre (D:4)
  A scorpion (D:5)
  A howler monkey (D:4)
  A centaur zombie (Ossuary)
  2 orc priests (D:5)
  3 hounds
  2 iguanas
  Terence (D:2)
  A big kobold zombie (Ossuary)
  4 ogre zombies (Ossuary)
  7 mummies (Ossuary)
  5 adders
  A gnoll (D:3)
  A white imp (D:5)
  2 ufetubi (D:5)
  2 oozes
  8 adder zombies
  5 worms
  2 dart slugs
  3 leopard geckos
  21 orcs
  A ball python (D:5)
  4 giant cockroaches
  9 goblins
  2 hobgoblins
  2 jackals (D:4)
  6 quokkas
  7 bats
  3 frilled lizards
  2 gnoll zombies (D:4)
  A goblin zombie (Ossuary)
  3 hobgoblin zombies (Ossuary)
  6 kobolds
  4 kobold zombies (Ossuary)
  5 quokka zombies (Ossuary)
  6 rats
  4 rat zombies (Ossuary)
140 creatures vanquished.

Vanquished Creatures (others)
  An orc (D:3)
1 creature vanquished.

Grand Total: 141 creatures vanquished

Notes
Turn   | Place    | Note
-------+----------+-------------------------------------------
     0 | D:1      | KamiKatze the Merfolk Berserker began the quest for the
                  | Orb.
     0 | D:1      | Reached XP level 1. HP: 18/18 MP: 1/1
   426 | D:1      | Reached XP level 2. HP: 23/24 MP: 2/2
   984 | D:2      | Noticed Terence
  1027 | D:2      | Killed Terence
  1028 | D:2      | Reached XP level 3. HP: 29/29 MP: 3/3
  1233 | D:2      | Reached skill level 3 in Axes
  1917 | D:3      | Reached XP level 4. HP: 30/37 MP: 4/4
  1931 | D:3      | Reached XP level 5. HP: 38/42 MP: 5/5
  2033 | D:3      | Reached ** piety under Trog
  2400 | D:3      | Reached skill level 4 in Axes
  2589 | D:3      | Found a shadowy altar of Dithmenos.
  2608 | D:3      | Found a sacrificial altar of Ru.
  3001 | D:4      | Reached XP level 6. HP: 44/48 MP: 6/6
  3002 | D:4      | Noticed Almogavar's ghost (novice GnWn)
  3003 | D:4      | Found a transporter.
  3147 | D:4      | Found a staircase to the Ecumenical Temple.
  3217 | D:4      | Found a sand-covered staircase.
  3222 | Ossuary  | Entered an ossuary
  3323 | Ossuary  | Reached skill level 5 in Axes
  3368 | Ossuary  | Reached *** piety under Trog
  3930 | Ossuary  | Reached XP level 7. HP: 48/54 MP: 7/7
  4169 | Ossuary  | Reached skill level 6 in Axes
  4346 | Temple   | Entered the Ecumenical Temple
  4684 | D:4      | Found a basalt altar of Yredelemnul.
  4783 | D:4      | Found a transporter.
  4788 | D:4      | Found Neffill's Distillery.
  5077 | D:4      | Found a snail-covered altar of Cheibriados.
  5286 | D:5      | Entered Level 5 of the Dungeon
  5416 | D:5      | Reached **** piety under Trog
  5534 | D:5      | Found Ukhomio's General Store.
  6104 | D:5      | Reached skill level 7 in Axes
  6339 | D:5      | Reached skill level 1 in Evocations
  6339 | D:5      | Reached XP level 8. HP: 43/60 MP: 8/8
  6530 | D:6      | Noticed a wyvern
  6534 | D:6      | Noticed Edmund
  6540 | D:6      | HP: 2/90 [wyvern (8)]
  6541 | D:6      | Slain by a wyvern

Illustrated notes

Levels and vault maps discovered:
D:1:      dpeg_arrival_short_road, layout_loops_corners
D:2:      layout_loops_cross, hangedman_decor_diamond_cutter,
          kennysheep_generic_room_6, uniq_terence
D:3:      layout_rooms, grunt_dithmenos_smoke_and_mirrors, lemuel_crystal_altar,
          cheibrodos_gnoll_hut
D:4:      layout_basic, kennysheep_slug_shrine, lemuel_zombie_altar_yredelemnul,
          minmay_temple_entry_sparse_star, gammafunk_ghost_stat_death,
          enter_ossuary_2, serial_shops, shop
D:5:      layout_loops_ring, serial_shops, shop, hangedman_glass_teeth
D:6:      layout_loops_ring, lemuel_coloured_pillars_altar,
          amethyst_overflow_temple_binary, lemuel_tele_altar, uniq_edmund
Temple:   oiseaux_autumnal_temple

Skill      XL: |  1  2  3  4  5  6  7 |
---------------+----------------------+-----
Dodging        | 3 4 |  4.0
Axes           | 3 4 5 7 |  7.3
Armour         | 2 |  2.0
Fighting       | 4 |  4.0
Evocations     | 1 |  1.1

Action                   |  1- 3 |  4- 6 |  7- 9 || total
-------------------------+-------+-------+-------++-------
Melee: Hand axe          |    87 |   265 |   199 ||   551
Throw: Dart              |       |     5 |     9 ||    14
Invok: Berserk           |     3 |     9 |     7 ||    19
       Trog's Hand       |       |       |     3 ||     3
  Use: Scroll            |       |     8 |     4 ||    12
 Stab: Sleeping          |     1 |       |       ||     1
Armor: Animal skin       |     6 |       |       ||     6
       Leather armour    |     1 |     7 |       ||     8
       Ring mail         |       |    73 |       ||    73
       Scale mail        |       |     3 |    47 ||    50
Dodge: Dodged            |    54 |   157 |    92 ||   303
